 Dungeon Crawl Stone Soup version 0.31.0-4-g52a2dc7128 (webtiles) character file.

Game seed: 7925172605854326596

64 MisterFreud the Conjurer (level 3, 0/24 HPs)
             Began as a Demonspawn Conjurer on Jan 22, 2024.
             Slain by Grinder (5 damage)
             ... on level 3 of the Dungeon.
             The game lasted 00:03:36 (1742 turns).

MisterFreud the Conjurer (Demonspawn Conjurer)      Turns: 1742, Time: 00:03:37

Health: 0/24       AC:  2    Str:  7    XL:     3   Next: 91%
Magic:  1/6        EV: 12    Int: 20    God:
Gold:   49         SH:  0    Dex: 11    Spells: 3/6 levels left

rFire   . . .        e - +0 club
rCold   . . .        (no shield)
rNeg    . . .        a - +0 robe
rPois   .            (no helmet)
rElec   .            (no cloak)
rCorr   .            (no gloves)
SInv    .            (no boots)
Will    .....        (no amulet)
Stlth   ++           (no ring)
HPRegen 0.24/turn    (no ring)
MPRegen 0.10/turn

%: no passive effects
@: no status effects
A: hooves 1, powered by death 1
a: no special abilities


You were on level 3 of the Dungeon.
You visited 1 branch of the dungeon, and saw 3 of its levels.

You collected 139 gold pieces.
You spent 90 gold pieces at shops.

Inventory:

Hand Weapons
 e - a +0 club (weapon)
Missiles
 o - 2 poisoned darts
Armour
 a - a +0 robe (worn)
 k - a +0 robe
Talismans
 j - a blade talisman
Scrolls
 d - a scroll of identify
 f - 2 scrolls of enchant weapon {unknown}
 g - a scroll of enchant armour {unknown}
 i - a scroll of amnesia {unknown}
 l - a scroll of teleportation
 p - a scroll of blinking {unknown}
Potions
 b - 2 potions of magic
 c - 2 potions of mutation
 h - a potion of lignification
 m - 2 potions of curing
 n - a potion of degeneration {unknown}


   Skills:
 - Level 1.7 Dodging
 - Level 1.7 Stealth
 - Level 2.0 Spellcasting
 + Level 5.5 Conjurations


You had 3 spell levels left.
You knew the following spells:

 Your Spells              Type           Power      Damage    Failure   Level
a - Magic Dart            Conj           96%        1d7       1%          1
b - Searing Ray           Conj           48%        2d6       2%          2

Your spell library contained the following spells:

 Spells                   Type           Power      Damage    Failure   Level
 Fulminant Prism          Conj/Alch      6%         3d7       45%         4
 Iskenderun's Mystic Bla  Conj/Tloc      13%        2d5       45%         4


Dungeon Overview and Level Annotations

Branches:
Dungeon (3/15)

Altars:
Dithmenos

Shops:
D:2 !([*?   D:3 [

Annotations:
D:3 Grinder


Innate Abilities, Weirdness & Mutations

You have large cloven feet.
You regenerate a little health from kills.


Message History

You struggle against the net.
You shred the net and break free! The gnoll barely misses you.
The gnoll attacks as it pursues you!
The gnoll hits you from afar with a +0 spear.
The gnoll attacks as it pursues you!
The gnoll hits you from afar with a +0 spear.
The gnoll attacks as it pursues you!
The gnoll hits you from afar with a +0 spear.
There is a stone staircase leading up here.
You climb upwards.
There is a stone staircase leading down here.
Magic restored.
HP restored.
There is a stone staircase leading down here.
You climb downwards.
There is a stone staircase leading up here.
You now have 49 gold pieces (gained 9).
Grinder comes into view.
Casting: Magic Dart (safe; 1% risk of failure)
Confirm with . or Enter, or press ? or * to list all spells.
Aiming: Searing Ray (safe; 2% risk of failure)
Press: ? - help, Shift-Dir - straight line, f - Grinder
Aim: Grinder (asleep, 100% to hit)
The searing ray hits Grinder.
Grinder is lightly wounded. (Press . to maintain the ray.) Grinder sighs, "No one appreciates my work."
Grinder hits you.
You writhe in agony.
The searing ray hits Grinder!
Grinder is moderately wounded.
Grinder hits you.
The searing ray hits Grinder!
Grinder is heavily wounded.
Grinder hits you!
* * * LOW HITPOINT WARNING * * *
The searing ray misses Grinder.
You finish channelling your searing ray.
Grinder hits you.
You die...
Grinder sighs, "Dead already?
I want a refund."

.....# ....#
....# ...#
...# #..#
..#######.#
..........#
....##@#.# #
#5#.# #.#.#
..#.# ###.#
#.# #.# # #.#
#.#.#########
#


You could see Grinder.

Vanquished Creatures
  3 adders
  4 endoplasms (D:1)
  A giant cockroach (D:2)
  2 goblins (D:1)
  3 hobgoblins
  2 jackals (D:1)
  5 kobolds
  7 bats
  8 frilled lizards
  6 rats
41 creatures vanquished.

Notes
Turn   | Place    | Note
-------+----------+-------------------------------------------
     0 | D:1      | MisterFreud the Demonspawn Conjurer began the quest for the
                  | Orb.
     0 | D:1      | Reached XP level 1. HP: 13/13 MP: 3/3
   214 | D:1      | Gained mutation: You regenerate a little health from kills.
                  | [demonic ancestry]
   214 | D:1      | Reached XP level 2. HP: 19/19 MP: 1/5
   458 | D:1      | Found a faded altar of an unknown god.
   555 | D:1      | Learned a level 2 spell: Searing Ray
   832 | D:2      | Found Qeon's General Store.
   867 | D:2      | Found a shadowy altar of Dithmenos.
   872 | D:1      | Reached skill level 5 in Conjurations
   872 | D:1      | Discovered your monstrous ancestry.
   872 | D:1      | Gained mutation: You have large cloven feet. [demonic
                  | ancestry]
   872 | D:1      | Reached XP level 3. HP: 16/24 MP: 2/6
  1115 | D:2      | Found Duebah's Weapon Shoppe.
  1209 | D:2      | Bought a +0 robe for 9 gold pieces
  1209 | D:2      | Bought a scroll of teleportation for 39 gold pieces
  1366 | D:2      | Found Vom Pua's Antique Armour Shoppe.
  1411 | D:2      | Found Nierph's Magic Scroll Emporium.
  1465 | D:2      | Found Wiran's Distillery.
  1470 | D:2      | Bought a potion of curing for 42 gold pieces
  1644 | D:3      | Found Kojiul's Antique Armour Boutique.
  1737 | D:3      | Noticed Grinder
  1742 | D:3      | Slain by Grinder

Illustrated notes

Levels and vault maps discovered:
D:1:      erik_arrival_triangle_medium, layout_rooms,
          dreamdust_ecumenical_altar_grove
D:2:      layout_rooms, basic_altar, serial_shops, nicolae_shop_waterfront,
          nicolae_shop_rolling_square, shop, nicolae_shop_bloodbath_and_beyond,
          nicolae_shop_tiny_glass
D:3:      layout_basic, serial_shops, nicolae_shop_tiny_glass,
          minmay_fountain_box, uniq_grinder

Skill      XL: |  1  2 |
---------------+-------+-----
Conjurations   | 5 |  5.5
Dodging        | |  1.7
Stealth        | |  1.7
Spellcasting   | |  2.0

Action                     || total
---------------------------++-------
  Melee: Unarmed           ||     6
         Club              ||     4
   Cast: Magic Dart        ||    78
         Searing Ray       ||     1
    Use: Scroll            ||     2
   Stab: Sleeping          ||     1
 Armour: Robe              ||    17
  Dodge: Dodged            ||    16
